Map: Catalyst LE

Players

JJAKJI - Winner!

  • Race: Terran Terran
  • Spawn Location: 5:00

PtitDrogo

  • Race: Protoss Protoss
  • League: Master
  • Spawn Location: 11:00

Event: HomeStory Cup XVI

VOD

Have the link to the VOD?

Description

Time

  • Played on: Nov. 9, 2017, 12:35 p.m.
  • Length: 6:11

All games in this series

Show
View Real Time Build Order
Export as new Build Order

JJAKJI Terran - Winner!

Build Orders:  

Get SALT Encoding   

  12  0:00  SCV  
  13  0:12  SCV  
  14  0:17  Supply Depot  
  14  0:24  SCV  
  14  0:28  Refinery  
  15  0:38  SCV  
  16  0:45  Barracks  
  16  0:50  SCV  
  17  1:02  SCV  
  18  1:14  SCV  
  19  1:32  Reaper, Orbital Command  
  20  1:47  Command Center  
  20  1:58  SCV  
  21  2:02  Factory  
  21  2:05  Barracks Reactor  
  21  2:13  SCV  
  21  2:14  Supply Depot  
  22  2:18  Refinery  
  21  2:25  SCV  
  22  2:37  SCV  
  23  2:46  Marine x2  
  23  2:48  Widow Mine, Starport  
  23  2:50  SCV  
  28  2:59  Orbital Command  
  28  3:02  SCV  
  28  3:03  Marine  
  28  3:04  Marine  
  31  3:15  SCV  
  31  3:19  Widow Mine  
  34  3:21  Marine  
  34  3:22  Marine  
  36  3:27  SCV  
  36  3:28  Viking  
  36  3:34  Supply Depot  
  39  3:36  SCV  
  39  3:39  SCV  
  39  3:41  Marine x2  
  43  3:51  SCV x2  
  43  3:53  Barracks  
  45  3:57  Barracks  
  45  4:01  Marine x2  
  46  4:05  Factory Tech Lab  
  46  4:06  Starport Tech Lab  
  46  4:07  SCV  
  45  4:12  Bunker  
  45  4:18  SCV  
  45  4:19  Marine x2  
  45  4:21  SCV  
  49  4:25  Supply Depot  
  49  4:31  SCV  
  49  4:32  Factory Tech Lab, Starport Reactor  
  49  4:33  SCV  
  49  4:37  Engineering Bay  
  50  4:43  SCV, Marine x2  
  53  4:47  SCV  
  53  4:51  Siege Tank  
  57  4:55  SCV  
  57  4:58  Supply Depot  
  58  5:04  Marine x3  
  58  5:06  Marine  
  60  5:10  SCV x2  
  62  5:18  Supply Depot  
  62  5:21  Supply Depot  
  62  5:22  SCV x2  
  62  5:28  Siege Tank  
  67  5:30  Marine x2  
  67  5:34  Marine  
  70  5:39  Marine  
  70  5:40  SCV x2  
  73  5:42  Refinery  
  73  5:45  Refinery  
  73  5:52  Marine  
  77  5:58  SCV x2  
Show
View Real Time Build Order
Export as new Build Order

PtitDrogo Protoss 

Build Orders: 1 Gate Expand, Oracle Opening 

Get SALT Encoding   

  12  0:02  Probe (Chrono Boost)  
  14  0:14  Probe (Chrono Boost)  
  14  0:19  Pylon  
  14  0:26  Probe (Chrono Boost)  
  14  0:28  Assimilator  
  15  0:39  Probe (Chrono Boost)  
  15  0:42  Gateway  
  16  0:45  Probe (Chrono Boost)  
  17  0:53  Probe (Chrono Boost)  
  19  1:05  Probe (Chrono Boost)  
  19  1:20  Nexus  
  19  1:25  Probe (Chrono Boost)  
  20  1:33  Cybernetics Core  
  20  1:38  Probe (Chrono Boost)  
  21  1:41  Assimilator  
  21  1:50  Probe (Chrono Boost)  
  21  1:52  Pylon  
  22  2:01  Adept  
  23  2:02  Probe (Chrono Boost)  
  23  2:14  Warp Gate, Probe (Chrono Boost)  
  26  2:19  Stargate  
  26  2:26  Probe (Chrono Boost)  
  27  2:30  Adept, Probe (Chrono Boost)  
  27  2:36  Probe (Chrono Boost)  
  31  2:38  Probe (Chrono Boost)  
  31  2:55  Probe (Chrono Boost)  
  31  2:56  Probe (Chrono Boost)  
  31  2:58  Oracle  
  33  3:00  Adept  
  35  3:08  Probe x2 (Chrono Boost)  
  42  3:20  Probe (Chrono Boost)  
  42  3:21  Gateway, Probe (Chrono Boost)  
  42  3:25  Gateway  
  42  3:29  Pylon  
  42  3:39  Oracle  
  45  3:44  Probe (Chrono Boost), Pylon  
  47  3:49  Probe (Chrono Boost)  
  48  3:55  Shield Battery  
  48  3:56  Probe (Chrono Boost)  
  48  4:01  Probe (Chrono Boost)  
  49  4:04  Pylon  
  47  4:10  Probe (Chrono Boost)  
  47  4:17  Stalker x2  
  47  4:18  Stalker  
  47  4:21  Probe (Chrono Boost), Pylon  
  54  4:26  Oracle  
  54  4:33  Assimilator, Probe (Chrono Boost)  
  54  4:34  Probe (Chrono Boost)  
  54  4:35  Assimilator  
  59  4:42  Adept  
  61  4:46  Adept  
  63  4:52  Adept  
  63  5:08  Probe (Chrono Boost)  
  63  5:09  Probe (Chrono Boost)  
  63  5:11  Stalker x2  
  63  5:13  Stalker  
  70  5:17  Pylon  
  70  5:21  Probe (Chrono Boost)  
  71  5:29  Stalker x2  
  71  5:30  Stalker  
  62  5:59  Probe (Chrono Boost)  
Tags
 
Add a new tag
Caveats
  • Supply blocks, unpowered buildings, or Contaminate may cause inaccurate times.
  • Supply counts are checked every 10 seconds.